 Dungeon Crawl Stone Soup version 0.24.0-37-gcf1ca852f1 (webtiles) character file.

Game seed: 13967451195035616696, levelgen mode: deterministic

485 PentaManta the Slasher (level 7, -7/46 HPs)
             Began as an Octopode Fighter on Dec 5, 2019.
             Killed from afar by Ijyb (11 damage)
             ... with a bolt of acid
             ... on level 4 of the Dungeon.
             The game lasted 00:06:46 (4303 turns).

PentaManta the Slasher (Octopode Fighter)           Turns: 4303, Time: 00:06:47

Health: -7/46      AC:  3    Str: 16    XL:     7   Next: 13%
Magic:  7/7        EV: 12    Int: 10    God:
Gold:   164        SH:  9    Dex: 17    Spells: 6/6 levels left

rFire    . . .     SeeInvis .   a - +0 long sword
rCold    . . .     Gourm    .   b - +0 shield
rNeg     . . .     Faith    .   m - +2 hat
rPois    .         Spirit   .   (no amulet)
rElec    .         Reflect  .   g - +4 ring of dexterity
rCorr    .         Harm     .   (no ring)
MR       .....                  (no ring)
Stlth    +++.......             (no ring)
HPRegen  0.15/turn              (no ring)
MPRegen  0.10/turn              (no ring)
                                (no ring)
                                (no ring)

@: no status effects
A: almost no armour, stealthy swim, amphibious, 8 rings, constrict 8, camouflage
1, gelatinous body 1
a: no special abilities


You were on level 4 of the Dungeon.
You were not hungry.

You visited 1 branch of the dungeon, and saw 4 of its levels.

You collected 164 gold pieces.

Inventory:

Hand Weapons
 a - a +0 long sword (weapon)
 j - a +0 dagger
Armour
 b - a +0 shield (worn)
 m - a +2 hat (worn)
Jewellery
 g - a +4 ring of dexterity (left tentacle)
Wands
 n - a wand of paralysis (10)
 o - a wand of disintegration (17)
Scrolls
 e - a scroll of blinking {unknown}
 h - 3 scrolls of fear {unknown}
 l - 2 scrolls of identify {unknown}
 r - 2 scrolls of noise {unknown}
 t - a scroll of magic mapping {unknown}
Potions
 c - 4 potions of might
 f - 2 potions of heal wounds {unknown}
 i - a potion of brilliance {unknown}
 k - a potion of ambrosia {unknown}
 p - 3 potions of curing {unknown}
 q - 2 potions of berserk rage {unknown}
 s - 2 potions of lignification {unknown}
 u - a potion of haste {unknown}
Comestibles
 d - 7 rations


   Skills:
 - Level 3.0 Fighting
 + Level 7.5 Long Blades
 - Level 3.0 Dodging
 - Level 3.0 Shields


You had 6 spell levels left.
You didn't know any spells.
Your spell library was empty.

Dungeon Overview and Level Annotations

Branches:
Dungeon (4/15)
 Temple: D:4-7

Altars:
Trog
The Shining One

Annotations:
D:4 Ijyb


Innate Abilities, Weirdness & Mutations

You cannot wear most types of armour.
You are very stealthy in the water. (Stealth+)
You are amphibious.
You can wear up to eight rings at the same time.
You can use your tentacles to constrict eight enemies at once.
Your skin changes colour to match your surroundings (Stealth+).
Your rubbery body absorbs attacks. (AC +1, EV +1)


Message History

The scorpion is severely wounded.
You constrict the scorpion.
The scorpion stings you but does no damage.
You barely miss the scorpion.
The scorpion is almost dead.
You constrict the scorpion. The scorpion stings you.
You hit the scorpion.
You kill the scorpion!
No target in view!
a - a +0 long sword (weapon)
Ijyb shouts!
You hear a shout!
Ijyb screams, "Get away!"
You swing at nothing.
You swing at nothing.
Ijyb zaps a wand.
The bolt of acid hits you!!
You are splashed with acid!
* * * LOW HITPOINT WARNING * * *
A hobgoblin comes into view.
The hobgoblin moves out of view.
Ijyb zaps a wand.
The bolt of acid hits you!
You die...

... ..... .. ....
.... ..###.##
.....#..#####......##
........##.....##...
#.#.......#.# .
#...........###..
#................
##............#
#.......@...#
.....g........#
g.###....$.....# .
.............#
.###.........# #
#.........#
#...........
##[..........
##.....######


You could see Ijyb.

Vanquished Creatures
  Sigmund (D:3)
  A scorpion (D:4)
  Crazy Yiuf (D:3)
  2 orc priests
  A bullfrog skeleton (D:4)
  An orc wizard (D:1)
  3 gnolls
  4 adders
  2 oozes
  2 worms
  A dart slug (D:1)
  3 leopard geckos
  7 orcs
  5 bats
  6 giant cockroaches
  3 hobgoblins (D:2)
  5 jackals
  A quokka (D:3)
  3 ball pythons (D:1)
  4 frilled lizards
  3 goblins
  5 kobolds (D:2)
  8 rats
72 creatures vanquished.

Notes
Turn   | Place    | Note
-------+----------+-------------------------------------------
     0 | D:1      | PentaManta the Octopode Fighter began the quest for the
                  | Orb.
     0 | D:1      | Reached XP level 1. HP: 16/16 MP: 1/1
   129 | D:1      | Reached XP level 2. HP: 21/21 MP: 2/2
   321 | D:1      | Reached skill level 3 in Long Blades
   746 | D:2      | Reached XP level 3. HP: 22/26 MP: 3/3
   824 | D:2      | Reached skill level 4 in Long Blades
  1142 | D:2      | Reached XP level 4. HP: 25/31 MP: 4/4
  1472 | D:2      | Found a glowing golden altar of the Shining One.
  2548 | D:2      | Reached skill level 5 in Long Blades
  2548 | D:2      | Reached XP level 5. HP: 29/36 MP: 5/5
  3090 | D:3      | Noticed Sigmund
  3110 | D:3      | Found a runed translucent door.
  3111 | D:3      | Noticed Crazy Yiuf
  3215 | D:3      | Reached skill level 6 in Long Blades
  3223 | D:3      | Reached XP level 6. HP: 30/42 MP: 6/6
  3447 | D:3      | Found a bloodstained altar of Trog.
  4030 | D:3      | Killed Crazy Yiuf
  4238 | D:3      | Killed Sigmund
  4238 | D:3      | Reached skill level 7 in Long Blades
  4284 | D:4      | Noticed Ijyb
  4287 | D:4      | Reached XP level 7. HP: 45/46 MP: 7/7
  4303 | D:4      | Killed from afar by Ijyb

Levels and vault maps discovered:
D:1:      psy_arrival_whirlpool, layout_loops_ring
D:2:      layout_loops_ring, overflow_temple_1_default, first_ration,
          serial_park_tiny_1
D:3:      layout_basic, lemuel_round_altar, uniq_sigmund,
          uniq_crazy_yiuf_cottage
D:4:      layout_rooms, serial_shops, shop, hellmonk_ghost_happy_afterlife,
          uniq_ijyb, uniq_robin

Skill      XL: |  1  2  3  4  5  6 |
---------------+-------------------+-----
Long Blades    | 3 4 5 6 7 |  7.5
Fighting       | |  3.0
Dodging        | |  3.0
Shields        | |  3.0

Action                   |  1- 3 |  4- 6 |  7- 9 || total
-------------------------+-------+-------+-------++-------
Melee: Long sword        |    24 |       |       ||    24
       Constrict         |    21 |    28 |     1 ||    50
       Tentacles         |    20 |    27 |     4 ||    51
       Dagger            |    49 |   110 |     7 ||   166
 Stab: Sleeping          |     3 |     8 |       ||    11
       Distracted        |       |     1 |       ||     1
  Eat: Chunk             |       |     4 |       ||     4
       Ration            |       |     2 |       ||     2
Armor: Skin              |     6 |    15 |     1 ||    22
Dodge: Dodged            |    35 |    28 |     1 ||    64
Block: Shield            |    24 |    43 |     1 ||    68
       Rpst.: Long sword |     7 |       |       ||     7
